 Dungeon Crawl Stone Soup version 0.17.1-3-g152610e (webtiles) character file.

43322 manyhoops the Eclecticist (level 13, -1/74 HPs)
             Began as a Deep Elf Ice Elementalist on Apr 13, 2016.
             Was a High Priest of Vehumet.
             Slain by a spriggan berserker
             ... wielding a +0 antimagic quarterstaff
              (11 damage)
             ... on level 2 of the Swamp.
             The game lasted 02:04:39 (26489 turns).

manyhoops the Eclecticist (DEIE)                   Turns: 26489, Time: 02:04:40

Health: -1/74      AC: 10    Str:  5    XL:     13   Next: 90%
Magic:  1/36       EV: 20    Int: 26    God:    Vehumet [*****.]
Gold:   575        SH: 10    Dex: 15    Spells: 11 memorised, 7 levels left

rFire  . . .     SeeInvis +     I - +0 long sword of Eternal Harmony {elec, rPois}
rCold  . . .     Clarity  .     K - +2 robe {Archmagi}
rNeg   . . .     SustAt   .     (no shield)
rPois  +         Gourm    .     L - +0 helmet
rElec  .         Spirit   .     k - +2 cloak of an ice cave {Stlth+}
rCorr  +         Warding  .     E - +0 pair of gloves
rMut   .         Stasis   .     V - +0 pair of boots
MR     +....                    q - amulet of resist corrosion (curse)
Stlth  +++++.....               C - ring of see invisible
                                G - ring of wizardry

@: icy shield, somewhat resistant to hostile enchantments, quite stealthy
A: no striking features
a: Renounce Religion


You were on level 2 of the Swamp.
You worshipped Vehumet.
Vehumet was extremely pleased with you.
You were not hungry.

You visited 5 branches of the dungeon, and saw 20 of its levels.
You visited the Abyss 1 time.
You also visited: Ossuary.

You collected 2496 gold pieces.
You spent 1921 gold pieces at shops.

Inventory:

Hand Weapons
 I - the +0 long sword of Eternal Harmony (weapon) {elec, rPois}
   (You found it on level 5 of the Dungeon)

   Occasionally, upon striking a foe, it will discharge some electrical energy
   and cause terrible harm.
   It protects you from poison.
Armour
 k - the +2 cloak of an ice cave (worn) {Stlth+}
   (You acquired it on level 4 of the Orcish Mines)

   It makes you more stealthy.
 o - a +1 robe of positive energy
 E - a +0 pair of gloves (worn)
 K - a +2 robe of the Archmagi (worn)
 L - a +0 helmet (worn)
 V - a +0 pair of boots (worn)
Magical Staves
 F - an uncursed staff of summoning
Jewellery
 g - a +5 ring of intelligence
 q - a cursed amulet of resist corrosion (around neck)
 y - an uncursed ring of positive energy
 C - a ring of see invisible (right hand)
 G - a ring of wizardry (left hand)
Wands
 l - a wand of polymorph (14)
 m - a wand of fireball (8)
 r - a wand of heal wounds (0)
Scrolls
 b - 2 scrolls of fog {unknown}
 n - a scroll of fear
 p - 7 scrolls of recharging
 w - 6 scrolls of immolation
 x - 2 scrolls of enchant armour {unknown}
 B - 2 scrolls of noise {unknown}
 D - 3 scrolls of amnesia
 M - a scroll of summoning {unknown}
 P - a scroll of vulnerability {unknown}
 U - a scroll of magic mapping
Potions
 d - a potion of brilliance {unknown}
 e - 5 potions of curing
 h - 6 potions of might
 i - 3 potions of flight
 j - 2 potions of mutation
 s - 3 potions of cancellation
 v - 5 potions of magic
 z - 2 potions of lignification
 A - a potion of heal wounds
 H - a potion of ambrosia {unknown}
 J - 5 potions of degeneration {unknown}
 O - a potion of berserk rage {unknown}
 Q - a potion of invisibility {unknown}
 R - a potion of agility {unknown}
Books
 a - a book of Dreams

   Spells                             Type                      Level
   a - Ensorcelled Hibernation        Hexes/Ice                    2
   b - Phase Shift                    Translocation                5
   c - Shadow Creatures               Summoning                    5
   d - Silence                        Hexes/Air                    5
   e - Darkness                       Hexes                        6
   f - Mass Confusion                 Hexes                        6
 u - a book of Summonings

   Spells                             Type                      Level
   a - Recall                         Summoning/Translocation      3
   b - Aura of Abjuration             Summoning                    5
   c - Shadow Creatures               Summoning                    5
   d - Summon Demon                   Summoning                    5
   e - Summon Forest                  Summoning/Translocation      5
   f - Summon Mana Viper              Hexes/Summoning              5
Miscellaneous
 N - a plain deck of defence
 S - a phial of floods
Comestibles
 c - 3 bread rations
 f - 3 royal jellies
 t - 7 meat rations
 T - a slice of pizza


   Skills:
 - Level 6.1 Fighting
 - Level 0.2 Staves
 - Level 11.8 Dodging
 - Level 8.8 Stealth
 + Level 17.3 Spellcasting
 * Level 9.0 Conjurations
 - Level 5.7 Charms
 - Level 1.5 Translocations
 + Level 11.6 Ice Magic
 - Level 4.5 Air Magic
 - Level 0.2 Poison Magic


You had 7 spell levels left.
You knew the following spells:

 Your Spells              Type           Power        Failure   Level  Hunger
a - Freeze                Ice            ####         1%          1    None
b - Throw Frost           Conj/Ice       ######       1%          2    None
c - Ozocubu's Armour      Chrm/Ice       #######.     1%          3    None
d - Condensation Shield   Ice            #######...   1%          4    None
e - Throw Icicle          Conj/Ice       #######.     1%          4    None
f - Summon Ice Beast      Ice/Summ       ######..     1%          4    None
g - Blink                 Tloc           N/A          1%          2    None
h - Freezing Cloud        Conj/Ice/Air   #######...   1%          6    ###....
i - Passwall              Trmt/Erth      ####......   4%          3    None
j - Venom Bolt            Conj/Pois      ######....   1%          5    None
k - Lightning Bolt        Conj/Air       ######....   1%          5    None


Dungeon Overview and Level Annotations

Branches:
Dungeon (9/15)             Temple (1/1) D:5            Lair (4/8) D:9
  Swamp (2/4) Lair:4          Orc (4/4) D:9             Elf (0/3) Orc:4
  Snake: Lair:3-6    Spider: Lair:3-6

Altars:
Ashenzari
Cheibriados
Dithmenos
Elyvilon
Fedhas
Gozag
Kikubaaqudgha
Nemelex Xobeh
Okawaru
Ru
Sif Muna
Vehumet
Xom
Yredelemnul
Zin
The Shining One
Beogh

Shops:
D:4 }   D:6 *=(!   Orc:4 [*=?

Annotations:
D:4 kaze's ghost, amateur HOFi


Message History

The spriggan berserker closely misses you.
Magic courses through your body.
You block the spriggan berserker's attack.
The spriggan berserker hits you with an antimagic quarterstaff!!
* * * LOW HITPOINT WARNING * * *
You feel your power leaking away.
Casting: Venom Bolt
Confirm with . or Enter, or press ? or * to list all spells.
You feel a surge of power!
You blink.
You feel much better.
The spriggan berserker hits you with an antimagic quarterstaff!
* * * LOW HITPOINT WARNING * * *
You feel your power leaking away.
Zapping:
l - a wand of polymorph {zapped: 2} (will waste charges)
Press: ? - help, Shift-Dir - straight line, f/p - spriggan berserker
Aim: a spriggan berserker, wielding an antimagic quarterstaff and wearing an animal skin (thin mist, moderately wounded, berserk, fast, unusually strong, chance to defeat MR: 0%)
The spriggan berserker resists with almost no effort.
Evoking this partially-identified wand wasted a few charges.
The spriggan berserker hits you with an antimagic quarterstaff!
You die...

♣.≈≈..≈≈≈♣♣♣♣ ♣≈.≈♣
♣≈≈≈.≈≈≈≈≈.§♣ ♣♣♣♣≈†..♣♣♣
♣≈†......≈≈≈♣ ♣♣...)..≈≈≈♣
♣♣≈≈.≈≈....≈.♣♣♣ ♣...≈.≈≈≈..♣
.....≈≈)(♣♣≈≈♣.♣♣♣.≈..≈..≈.♣♣
....≈≈≈.≈♣♣♣♣(.♣≈.(..≈♣≈≈..♣
.§≈≈.♣♣♣♣♣♣♣♣....♣♣♣♣♣♣♣≈.♣≈♣
≈≈≈≈.♣♣♣♣♣.♣♣♣.i≈♣ ♣≈..≈♣
≈≈≈≈≈≈♣♣≈..♣ ♣..@♣ ♣♣≈..≈♣♣♣
≈≈≈≈≈.♣♣...♣ ♣♣♣♣♣ ♣≈....♣≈≈
≈.........♣♣ ♣♣.≈≈≈§...
≈.♣..≈...§♣♣♣ ♣♣♣♣ .§≈≈≈≈≈.≈
≈.♣♣.≈≈≈♣♣≈≈♣♣♣ ♣≈≈♣♣♣≈≈≈≈≈≈.≈
§♣♣≈.≈.♣♣≈.≈.≈♣ ♣♣.≈♣♣.≈≈≈≈≈.♣
.≈♣§.<.≈♣.≈≈≈.♣ ♣≈♣♣♣≈≈≈≈≈.♣♣
♣≈≈≈≈..≈..≈≈≈.♣ ♣♣≈.≈..≈..≈§♣
♣..≈♣.≈≈≈≈≈≈≈≈♣♣♣♣≈≈Y≈≈≈≈≈.♣≈..


You could see a spriggan berserker (berserk).

Vanquished Creatures
  Rupert (Lair:3)
  4 hydras
  An alligator (Swamp:2)
  Urug (Lair:3)
  A swamp dragon (Swamp:1)
  5 oklob plants
  A cyclops (Orc:4)
  2 elephants (Lair:3)
  2 black mambas
  11 spiny frogs
  5 komodo dragons
  A two-headed ogre (Orc:4)
  3 giant leeches
  7 trolls
  5 slime creatures (Swamp:1)
  Prince Ribbit (D:5)
  A bog body (Swamp:1)
  14 yaks
  A shadow (Swamp:1)
  3 basilisks
  4 spriggans
  Eustachio (D:5)
  4 hippogriffs
  A wyvern (D:7)
  A warg (Orc:4)
  3 wolves (Lair:3)
  5 insubstantial wisps (Swamp:1)
  7 swamp worms
  2 vampire mosquitoes (Swamp:1)
  7 swamp drakes
  A sky beast (Lair:1)
  10 ogres
  2 orc warriors
  6 porcupines
  2 ice beasts (D:8)
  9 water moccasins
  2 phantoms
  A necrophage (D:6)
  4 wasps
  7 crocodiles
  A big kobold (D:8)
  10 giant frogs
  2 scorpions
  A water moccasin skeleton (D:8)
  4 crimson imps
  2 hounds
  5 orc priests
  2 giant frog skeletons
  13 orc wizards
  4 iguanas
  8 worker ants
  A killer bee zombie (D:7)
  A sheep (Lair:3)
  A hound zombie (D:7)
  A mummy (Ossuary)
  6 gnolls
  10 river rats
  14 adders
  4 oozes
  An adder skeleton (D:5)
  2 worms
  5 giant geckos
  38 orcs
  2 ball pythons (D:1)
  6 bats
  16 goblins
  6 hobgoblins
  18 jackals
  6 quokkas
  5 giant cockroaches
  A giant gecko skeleton (D:9)
  4 giant newts
  A gnoll zombie (Ossuary)
  A hobgoblin zombie (Ossuary)
  11 kobolds
  2 orc zombies (Ossuary)
  2 quokka zombies
  8 rats
  A rat zombie (D:5)
  5 bushes (Lair:2)
  3 plants
383 creatures vanquished.

Vanquished Creatures (collateral kills)
  A thorn hunter (Swamp:2)
  Aizul (Swamp:1)
  A centaur warrior (D:9)
  3 hydras
  An alligator (Swamp:1)
  2 ogre magi (Orc:4)
  Nergalle (Lair:2)
  2 deep trolls (Orc:4)
  2 hill giants (Orc:4)
  An orc knight (Orc:3)
  2 cyclopes
  An elephant (Lair:3)
  4 spiny frogs
  5 two-headed ogres (Orc:4)
  A komodo dragon (D:9)
  3 trolls
  A giant leech (Swamp:1)
  A blink frog (D:9)
  A spriggan (Lair:1)
  A deep elf mage (D:9)
  A hippogriff (D:8)
  13 yaks
  A basilisk (Lair:3)
  2 wolves (Lair:3)
  A warg (Orc:3)
  A swamp worm (Swamp:1)
  3 insubstantial wisps (Swamp:1)
  2 water moccasins (Lair:2)
  7 orc warriors
  2 eyes of draining (D:9)
  15 ogres
  2 centaurs (D:9)
  3 big kobolds
  2 crocodiles
  8 giant frogs
  A wyvern zombie (D:9)
  A killer bee (D:9)
  5 wights (D:6)
  2 crimson imps (D:9)
  A jelly (D:9)
  10 orc priests
  A hound (D:9)
  An iguana (Lair:1)
  15 orc wizards
  A killer bee zombie (D:9)
  8 sheep (Lair:3)
  2 mummies (Ossuary)
  A gnoll (D:9)
  An adder (D:9)
  8 river rats
  3 shadow imps
  83 orcs
  8 kobolds
  A quokka (D:9)
  A giant gecko (D:9)
  A giant gecko zombie (D:9)
  A fungus (Lair:2)
254 creatures vanquished.

Vanquished Creatures (others)
  5 sheep (D:3)
  An orc (D:4)
  7 fungi
13 creatures vanquished.

Grand Total: 650 creatures vanquished

Notes
Turn   | Place    | Note
--------------------------------------------------------------
     0 | D:1      | manyhoops the Deep Elf Ice Elementalist began the quest for the Orb.
     0 | D:1      | Reached XP level 1. HP: 10/10 MP: 6/6
    59 | D:1      | Reached XP level 2. HP: 9/15 MP: 1/8
   124 | D:1      | Reached skill level 4 in Ice Magic
   348 | D:1      | Learned a level 2 spell: Throw Frost
   518 | D:1      | Reached XP level 3. HP: 16/19 MP: 0/10
  1355 | D:2      | Reached XP level 4. HP: 24/24 MP: 6/12
  1396 | D:2      | Learned a level 3 spell: Ozocubu's Armour
  2031 | D:3      | Reached XP level 5. HP: 28/28 MP: 3/14
  2439 | D:3      | Found an ancient bone altar of Kikubaaqudgha.
  2577 | D:3      | Found a shimmering altar of Xom.
  2997 | D:4      | Found a white marble altar of Elyvilon.
  3091 | D:4      | Reached XP level 6. HP: 22/32 MP: 3/15
  3097 | D:4      | Learned a level 4 spell: Condensation Shield
  3102 | D:4      | Learned a level 4 spell: Throw Icicle
  3277 | D:4      | Found a blossoming altar of Fedhas.
  3377 | D:4      | Reached skill level 5 in Spellcasting
  3773 | D:4      | Noticed kaze's ghost (amateur HOFi)
  3803 | D:4      | HP: 1/32 [worker ant (7)]
  3809 | D:3      | Reached skill level 5 in Ice Magic
  4177 | D:4      | Reached skill level 5 in Conjurations
  4628 | D:4      | Cast into the Abyss (a distortion unwield)
  4696 | Abyss:1  | Noticed a raiju
  4701 | D:4      | Escaped the Abyss
  5002 | D:4      | Found Olefrebe's Gadget Boutique.
  5164 | D:4      | Reached skill level 6 in Spellcasting
  5164 | D:4      | Reached XP level 7. HP: 34/36 MP: 12/18
  5207 | D:4      | Learned a level 4 spell: Summon Ice Beast
  5221 | D:5      | Entered Level 5 of the Dungeon
  5222 | D:5      | Noticed Eustachio
  5227 | D:5      | Killed Eustachio
  5262 | D:5      | Found a sand-covered staircase.
  5270 | Ossuary  | Entered an ossuary
  5926 | D:5      | Found a staircase to the Ecumenical Temple.
  5939 | D:5      | Reached skill level 7 in Spellcasting
  5944 | Temple   | Entered the Ecumenical Temple
  5980 | Temple   | Became a worshipper of Vehumet
  6222 | D:5      | Found a glowing silver altar of Zin.
  6223 | D:5      | Noticed an angel
  6335 | D:5      | Noticed Prince Ribbit
  6463 | D:5      | Killed Prince Ribbit
  6463 | D:5      | Reached skill level 8 in Spellcasting
  6463 | D:5      | Reached XP level 8. HP: 41/41 MP: 7/22
  6469 | D:5      | Got a translucent long sword
  6470 | D:5      | Identified the cursed +0 long sword of Eternal Harmony {elec, rPois} (You found it on level 5 of the Dungeon)
  6849 | D:6      | Found Nockus's Jewellery Shoppe.
  6862 | D:6      | Bought an uncursed ring of wizardry for 300 gold pieces
  6893 | D:6      | Found Urizyfer's Assorted Antiques.
  6896 | D:6      | Bought a scroll of identify for 60 gold pieces
  6896 | D:6      | Bought an embroidered robe for 21 gold pieces
  7125 | D:6      | Found a sacrificial altar of Ru.
  7245 | D:6      | Reached * piety under Vehumet
  7245 | D:6      | Offered knowledge of Magic Dart by Vehumet.
  7245 | D:6      | Reached skill level 9 in Spellcasting
  7259 | D:6      | Found Voffif's Distillery.
  7263 | D:6      | Bought a potion of curing for 30 gold pieces
  7263 | D:6      | Bought a potion of curing for 30 gold pieces
  7471 | D:6      | Found an iron altar of Okawaru.
  7499 | D:6      | Found Tatt's Weapon Emporium.
  8120 | D:7      | Reached skill level 10 in Spellcasting
  8246 | D:7      | Reached XP level 9. HP: 25/45 MP: 9/25
  8327 | D:7      | Reached skill level 1 in Fighting
  8457 | D:7      | Offered knowledge of Shock by Vehumet.
  8494 | D:7      | Reached ** piety under Vehumet
  8641 | D:7      | Found an opulent altar of Gozag.
  8641 | D:7      | Found a sparkling altar of Nemelex Xobeh.
  9092 | D:8      | Offered knowledge of Throw Flame by Vehumet.
  9342 | D:8      | Reached skill level 5 in Fighting
  9877 | D:9      | Found a shimmering altar of Xom.
  9914 | D:9      | Noticed a cyclops
  9931 | D:9      | Killed a cyclops
  9972 | D:9      | Reached *** piety under Vehumet
 10142 | D:9      | Noticed a centaur warrior
 10148 | D:9      | Killed a centaur warrior
 10148 | D:9      | Reached XP level 10. HP: 56/60 MP: 17/26
 10204 | D:9      | Found a staircase to the Lair.
 10227 | D:9      | Noticed a komodo dragon
 10235 | D:9      | Killed a komodo dragon
 10235 | D:9      | Reached skill level 11 in Spellcasting
 10246 | D:9      | Offered knowledge of Mephitic Cloud by Vehumet.
 10392 | D:9      | Found a staircase to the Orcish Mines.
 10919 | D:9      | Found a sacrificial altar of Ru.
 11033 | Lair:1   | Entered Level 1 of the Lair of Beasts
 11049 | D:9      | Learned a level 2 spell: Blink
 11056 | D:9      | Learned a level 6 spell: Freezing Cloud
 11060 | D:9      | Learned a level 3 spell: Passwall
 11110 | Orc:1    | Entered Level 1 of the Orcish Mines
 11118 | Orc:1    | Reached **** piety under Vehumet
 11120 | Orc:1    | Offered knowledge of Sticky Flame by Vehumet.
 11417 | Orc:1    | Reached skill level 5 in Stealth
 11868 | Orc:4    | Entered Level 4 of the Orcish Mines
 11868 | Orc:4    | Found a roughly hewn altar of Beogh.
 12164 | Orc:4    | Noticed a cyclops
 12408 | Orc:3    | Reached ***** piety under Vehumet
 12409 | Orc:3    | Offered knowledge of Spellforged Servitor by Vehumet.
 12630 | Orc:3    | Noticed an orc knight
 13184 | Orc:3    | Killed an orc knight
 13565 | Orc:3    | Reached skill level 1 in Air Magic
 14290 | Orc:4    | Found a staircase to the Elven Halls.
 14765 | Orc:4    | Killed a cyclops
 14765 | Orc:4    | Reached skill level 5 in Dodging
 14937 | Orc:4    | Reached XP level 11. HP: 64/64 MP: 14/28
 14949 | Orc:4    | Found Zoiza's Antique Armour Shoppe.
 14950 | Orc:4    | Found Bezurevuu's General Store.
 14953 | Orc:4    | Noticed a hill giant
 14956 | Orc:4    | Noticed an ogre mage
 14971 | Orc:4    | Killed a hill giant
 14980 | Orc:4    | Killed an ogre mage
 15172 | Orc:4    | Noticed a deep troll
 15342 | Orc:4    | Killed a deep troll
 15769 | Orc:4    | Noticed a cyclops
 16030 | Orc:4    | Noticed a deep troll
 16030 | Orc:4    | Killed a cyclops
 16035 | Orc:4    | Killed a deep troll
 16198 | Orc:4    | Noticed a hill giant
 16204 | Orc:4    | Killed a hill giant
 16208 | Orc:4    | Noticed an ogre mage
 16216 | Orc:4    | Killed an ogre mage
 16216 | Orc:4    | Reached skill level 1 in Translocations
 16391 | Orc:4    | Found Yduguhopn's Jewellery Boutique.
 16402 | Orc:4    | Found Vocaewuo's Magic Scroll Shoppe.
 16438 | Orc:4    | Bought a scroll of identify for 34 gold pieces
 16438 | Orc:4    | Bought a scroll of identify for 34 gold pieces
 16438 | Orc:4    | Bought a scroll of identify for 34 gold pieces
 16438 | Orc:4    | Bought a scroll of acquirement for 884 gold pieces
 16442 | Orc:4    | Got a spiked cloak
 16453 | Orc:4    | Identified the +2 cloak of an ice cave {Stlth+} (You acquired it on level 4 of the Orcish Mines)
 16464 | Orc:4    | Bought a +5 ring of intelligence for 494 gold pieces
 16728 | Lair:1   | Reached skill level 10 in Dodging
 16991 | Lair:1   | Offered knowledge of Iskenderun's Battlesphere by Vehumet.
 17615 | Lair:1   | Got an ichor-stained cloak
 17626 | Lair:1   | Identified the -2 cloak of Awe {rPois} (You acquired it on level 1 of the Lair of Beasts)
 18530 | Lair:2   | Noticed Nergalle
 18800 | Lair:2   | Reached XP level 12. HP: 70/70 MP: 1/29
 18959 | Lair:2   | Noticed a seven-headed hydra
 18974 | Lair:2   | Killed a seven-headed hydra
 18974 | Lair:2   | Reached skill level 12 in Spellcasting
 19456 | Lair:2   | Killed Nergalle
 19874 | Lair:2   | Noticed a five-headed hydra
 19876 | Lair:2   | Killed a five-headed hydra
 19927 | Lair:3   | Reached skill level 13 in Spellcasting
 20144 | Lair:3   | Noticed a six-headed hydra
 20151 | Lair:3   | Killed a six-headed hydra
 20298 | Lair:3   | Reached skill level 10 in Ice Magic
 20556 | Lair:3   | Offered knowledge of Venom Bolt by Vehumet.
 20563 | Lair:3   | Learned a level 5 spell: Venom Bolt
 20727 | Lair:3   | Noticed Rupert
 20749 | Lair:3   | Killed Rupert
 20749 | Lair:3   | Reached skill level 14 in Spellcasting
 21200 | Lair:3   | Noticed Urug
 21206 | Lair:3   | Killed Urug
 21523 | Lair:3   | Reached skill level 15 in Spellcasting
 21843 | Lair:4   | Found a staircase to the Swamp.
 22078 | Lair:4   | Reached XP level 13. HP: 71/74 MP: 9/34
 22951 | Lair:4   | Noticed an eight-headed hydra
 23035 | Lair:4   | Killed an eight-headed hydra
 23229 | Swamp:1  | Entered Level 1 of the Swamp
 23247 | Swamp:1  | Reached skill level 16 in Spellcasting
 23841 | Swamp:1  | Noticed Aizul
 23857 | Swamp:1  | Killed Aizul
 25359 | Swamp:1  | Reached skill level 1 in Charms
 25824 | Swamp:2  | Noticed a thorn hunter
 25855 | Swamp:2  | Killed a thorn hunter
 25855 | Swamp:2  | Reached skill level 5 in Charms
 26020 | Swamp:2  | Reached skill level 17 in Spellcasting
 26044 | Swamp:2  | Offered knowledge of Lightning Bolt by Vehumet.
 26207 | Swamp:1  | Learned a level 5 spell: Lightning Bolt
 26486 | Swamp:2  | HP: 2/74 [spriggan berserker/antimagic quarterstaff (29)]
 26489 | Swamp:2  | Slain by a spriggan berserker

Action                   |  1- 3 |  4- 6 |  7- 9 | 10-12 | 13-15 || total
-------------------------+-------+-------+-------+-------+-------++-------
Melee: Unarmed           |    20 |       |       |       |       ||    20
       Whip              |     3 |     6 |       |       |       ||     9
       Staff             |       |    24 |       |       |       ||    24
       Dagger            |       |     1 |       |       |       ||     1
       Rapier            |       |       |    59 |       |       ||    59
       Long sword        |       |       |    63 |    63 |    23 ||   149
Throw: Throwing net      |       |       |       |     1 |       ||     1
 Cast: Freeze            |    35 |    42 |    18 |    41 |    13 ||   149
       Throw Frost       |    24 |    81 |    89 |    74 |    16 ||   284
       Ozocubu's Armour  |       |     4 |    20 |    57 |    17 ||    98
       Throw Icicle      |       |       |    35 |   102 |    89 ||   226
       Summon Ice Beast  |       |       |    35 |   192 |    39 ||   266
       Condensation Shie |       |       |     5 |    51 |    11 ||    67
       Freezing Cloud    |       |       |       |    11 |    10 ||    21
       Blink             |       |       |       |     2 |     5 ||     7
       Venom Bolt        |       |       |       |    12 |    24 ||    36
       Lightning Bolt    |       |       |       |       |     9 ||     9
Evoke: Wand              |       |       |       |     3 |     2 ||     5
  Use: Scroll            |     1 |     4 |     9 |    14 |     7 ||    35
       Potion            |       |     2 |     1 |       |     6 ||     9
 Stab: Sleeping          |     1 |       |     1 |     1 |       ||     3
       Distracted        |       |       |       |     2 |       ||     2
  Eat: Bread ration      |     1 |     1 |       |     2 |     2 ||     6
       Chunk             |       |     3 |    21 |    28 |     4 ||    56
       Meat ration       |       |       |       |       |     1 ||     1
